 Dungeon Crawl Stone Soup version 0.30-a0-930-gb9d0489357 (webtiles) character file.

Game seed: 18228514912281207341

182 ThatPearl the Chopper (level 5, -2/43 HPs)
             Began as a Gnoll Reaver on Mar 24, 2023.
             Slain by Eustachio
             ... wielding a +0 falchion
              (3 damage)
             ... on level 4 of the Dungeon.
             The game lasted 00:08:08 (2657 turns).

ThatPearl the Chopper (Gnoll Reaver)                Turns: 2657, Time: 00:08:08

Health: -2/43      AC: 10    Str: 11    XL:     5   Next: 61%
Magic:  12/12      EV: 11    Int: 15    God:
Gold:   129        SH:  0    Dex: 10    Spells: 8/14 levels left

rFire   . . .      SeeInvis .    b - +0 morningstar
rCold   . . .      Faith    .    (no shield)
rNeg    . . .      Spirit   .    f - +1 ring mail
rPois   .          Reflect  .    (no helmet)
rElec   .          Rampage  .    (no cloak)
rCorr   .                        (no gloves)
Will    .....                    (no boots)
Stlth   +                        (no amulet)
HPRegen 0.27/turn                r - +4 ring of protection
MPRegen 0.13/turn                (no ring)

@: no status effects
A: fangs 1, strong nose, distributed training
a: no special abilities


You were on level 4 of the Dungeon.
You visited 1 branch of the dungeon, and saw 4 of its levels.

You collected 129 gold pieces.

Inventory:

Hand Weapons
 a - a +1 sling of flaming
 b - a +0 morningstar (weapon)
 w - a +0 hand axe
Missiles
 i - 6 boomerangs
 j - 26 stones
Armour
 f - a +1 ring mail (worn)
Jewellery
 r - a +4 ring of protection (left hand)
 u - an amulet of reflection
Wands
 o - a wand of paralysis (15)
 q - a wand of roots (10)
Scrolls
 c - a scroll of silence {unknown}
 e - a scroll of amnesia {unknown}
 g - a scroll of enchant weapon
 h - a scroll of enchant armour
 s - a scroll of vulnerability {unknown}
 t - a scroll of magic mapping {unknown}
 x - a scroll of teleportation {unknown}
 y - a scroll of acquirement {unknown}
Potions
 d - a potion of brilliance
 k - a potion of heal wounds {unknown}
 l - a potion of flight
 m - a potion of lignification
 n - 3 potions of mutation
 p - a potion of attraction {unknown}
 v - a potion of curing {unknown}


   Skills:
 + Level 4.8 Fighting
 + Level 1.6 Short Blades
 + Level 1.6 Long Blades
 + Level 6.7 Axes
 + Level 1.6 Maces & Flails
 + Level 1.6 Polearms
 + Level 1.6 Staves
 + Level 1.6 Ranged Weapons
 + Level 1.6 Throwing
 + Level 1.6 Armour
 + Level 4.8 Dodging
 + Level 1.6 Stealth
 + Level 1.6 Shields
 + Level 1.6 Unarmed Combat
 + Level 5.2 Spellcasting
 + Level 5.6 Conjurations
 + Level 1.3 Hexes
 + Level 1.3 Summonings
 + Level 1.3 Necromancy
 + Level 1.3 Translocations
 + Level 1.3 Transmutations
 + Level 1.3 Fire Magic
 + Level 1.3 Ice Magic
 + Level 1.3 Air Magic
 + Level 1.3 Earth Magic
 + Level 1.3 Poison Magic
 + Level 1.8 Invocations
 + Level 1.6 Evocations


You had 8 spell levels left.
You knew the following spells:

 Your Spells              Type           Power      Damage    Failure   Level
d - Kiss of Death         Conj/Necr      56%        2d9       9%          1
h - Hailstorm             Conj/Ice       14%        3d5       26%         3
s - Momentum Strike       Conj/Tloc      28%        3d8       14%         2

Your spell library contained the following spells:

 Spells                   Type           Power      Damage    Failure   Level
 Ignite Poison            Fire/Tmut/Pois 7%         N/A       54%         3
 Sticky Flame             Conj/Fire      14%        2d4       65%         4
 Ignition                 Fire           3%         3d4       100%        8


Dungeon Overview and Level Annotations

Branches:
Dungeon (4/15)
 Temple: D:4-7

Altars:
Elyvilon
Sif Muna

Shops:
D:1 ?

Annotations:
D:4 Eustachio


Innate Abilities, Weirdness & Mutations

You have very sharp teeth.
Your uncanny sense of smell can sniff out nearby items.
Your experience applies equally to all skills.


Message History

You closely miss Eustachio.
Eustachio is severely wounded.
Eustachio closely misses you.
The shadow imp hits you but does no damage.
The crimson imp hits you but does no damage.
You hit Eustachio but do no damage. Your bite misses Eustachio.
Eustachio is severely wounded.
Eustachio barely misses you.
The shadow imp hits you but does no damage.
The crimson imp hits you but does no damage.
The crimson imp disappears for a moment.
The crimson imp hits you but does no damage.
The shadow imp hits you.
* * * LOW HITPOINT WARNING * * *
Eustachio hits you with a +0 falchion.
* * * LOW HITPOINT WARNING * * *
You puncture Eustachio!
Eustachio is almost dead.
The shadow imp disappears in a puff of smoke!
Eustachio closely misses you.
The crimson imp hits you but does no damage.
Unknown command.
You closely miss Eustachio.
Eustachio is almost dead.
Eustachio hits you with a +0 falchion.
* * * LOW HITPOINT WARNING * * *
The crimson imp blinks!
The crimson imp laughs crazily.
Eustachio hits you with a +0 falchion.
* * * LOW HITPOINT WARNING * * *
You closely miss Eustachio.
Eustachio is almost dead.
Eustachio hits you with a +0 falchion.
* * * LOW HITPOINT WARNING * * *
Unknown command.
You hit Eustachio but do no damage.
Eustachio is almost dead.
The crimson imp disappears in a puff of smoke!
Eustachio hits you with a +0 falchion.
You die...

.......####............#
........###.##.###.....#
.........##.##.# #.......
.........#..##.###.....#..
.......)..................
........†.§###.####...##.
..........####.##..
#.......@.........#
.....)...@####.##..
.................
...........†.....∆
>........##......
........# ...... ......#
...... ../... ##.>.∆
...### ...


You could see Eustachio.

Vanquished Creatures
  A scorpion (D:4)
  An orc priest (D:4)
  3 adders
  A worm (D:3)
  2 dart slugs
  3 orcs (D:4)
  5 ball pythons
  7 endoplasms
  9 goblins
  5 hobgoblins
  4 kobolds
  2 quokkas
  2 bats
  5 frilled lizards
  10 rats
60 creatures vanquished.

Notes
Turn   | Place    | Note
-------+----------+-------------------------------------------
     0 | D:1      | ThatPearl the Gnoll Reaver began the quest for the Orb.
     0 | D:1      | Reached XP level 1. HP: 20/20 MP: 6/6
   176 | D:1      | Reached XP level 2. HP: 25/26 MP: 7/7
   179 | D:1      | Learned a level 2 spell: Momentum Strike
   573 | D:1      | Found Cuerphurr's Magic Scroll Emporium.
   654 | D:1      | Reached skill level 5 in Spellcasting
   654 | D:1      | Reached XP level 3. HP: 30/31 MP: 7/9
  1162 | D:2      | Reached skill level 1 in Invocations
  1250 | D:2      | Found a faded altar of an unknown god.
  1357 | D:2      | Learned a level 3 spell: Hailstorm
  1573 | D:2      | Reached skill level 1 in Short Blades
  1573 | D:2      | Reached skill level 1 in Long Blades
  1573 | D:2      | Reached skill level 1 in Maces & Flails
  1573 | D:2      | Reached skill level 1 in Polearms
  1573 | D:2      | Reached skill level 1 in Staves
  1573 | D:2      | Reached skill level 1 in Ranged Weapons
  1573 | D:2      | Reached skill level 1 in Throwing
  1573 | D:2      | Reached skill level 1 in Armour
  1573 | D:2      | Reached skill level 1 in Stealth
  1573 | D:2      | Reached skill level 1 in Shields
  1573 | D:2      | Reached skill level 1 in Unarmed Combat
  1573 | D:2      | Reached skill level 1 in Evocations
  1834 | D:3      | Reached XP level 4. HP: 28/38 MP: 11/11
  2455 | D:4      | Noticed Eustachio
  2485 | D:4      | Reached skill level 1 in Hexes
  2485 | D:4      | Reached skill level 1 in Summonings
  2485 | D:4      | Reached skill level 1 in Necromancy
  2485 | D:4      | Reached skill level 1 in Translocations
  2485 | D:4      | Reached skill level 1 in Transmutations
  2485 | D:4      | Reached skill level 1 in Fire Magic
  2485 | D:4      | Reached skill level 1 in Ice Magic
  2485 | D:4      | Reached skill level 1 in Air Magic
  2485 | D:4      | Reached skill level 1 in Earth Magic
  2485 | D:4      | Reached skill level 1 in Poison Magic
  2556 | D:4      | Found a white marble altar of Elyvilon.
  2557 | D:4      | Found a shimmering blue altar of Sif Muna.
  2589 | D:4      | Reached XP level 5. HP: 42/43 MP: 12/12
  2656 | D:4      | HP: 1/43 [Eustachio/+0 falchion (4)]
  2657 | D:4      | Slain by Eustachio

Illustrated notes

Levels and vault maps discovered:
D:1:      psy_arrival_radial02, layout_basic, serial_shops,
          nicolae_shop_crystal, minmay_misc_feat_x
D:2:      layout_rooms, hellmonk_ecumenical_altar_zigzags
D:3:      layout_loops_ring
D:4:      layout_rooms, gammafunk_temple_overflow_statue, serial_corexii_hall,
          chequers_hall_statues_wall_a, corexii_hall_statues_deadend,
          uniq_eustachio

Skill      XL: |  1  2  3  4 |
---------------+-------------+-----
Spellcasting   | 5 |  5.2
Invocations    | 1 |  1.8
Short Blades   | 1 |  1.6
Long Blades    | 1 |  1.6
Maces & Flails | 1 |  1.6
Polearms       | 1 |  1.6
Staves         | 1 |  1.6
Ranged Weapons | 1 |  1.6
Throwing       | 1 |  1.6
Armour         | 1 |  1.6
Stealth        | 1 |  1.6
Shields        | 1 |  1.6
Unarmed Combat | 1 |  1.6
Evocations     | 1 |  1.6
Hexes          | 1 |  1.3
Summonings     | 1 |  1.3
Necromancy     | 1 |  1.3
Translocations | 1 |  1.3
Transmutations | 1 |  1.3
Fire Magic     | 1 |  1.3
Ice Magic      | 1 |  1.3
Air Magic      | 1 |  1.3
Earth Magic    | 1 |  1.3
Poison Magic   | 1 |  1.3
Fighting       | |  4.8
Axes           | |  6.7
Dodging        | |  4.8
Conjurations   | |  5.6

Action                     |  1- 3 |  4- 6 || total
---------------------------+-------+-------++-------
  Melee: Hand axe          |   149 |    25 ||   174
         Bite              |    13 |     6 ||    19
         Morningstar       |       |    20 ||    20
   Fire: Sling             |       |    42 ||    42
    Use: Scroll            |       |     6 ||     6
 Armour: Leather armour    |     7 |       ||     7
         Ring mail         |    33 |    35 ||    68
  Dodge: Dodged            |    94 |    36 ||   130

Table legend: (Time is in decaauts)
 A = Elapsed time spent in this place.
 B = Non-inter-level travel time spent in this place.
 C = Inter-level travel time spent in this place.
 D = Time resting spent in this place.
 E = Time spent auto-exploring this place.
 F = Levels seen in this place.
 G = Mean time per level.
                   A        B        C        D        E       F      G
               +--------+--------+--------+--------+--------+-----+--------+
         Total |   2677 |   2589 |     88 |    137 |   1815 |   4 |  669.2 |
       Dungeon |   2677 |   2589 |     88 |    137 |   1815 |   4 |  669.2 |
               +--------+--------+--------+--------+--------+-----+--------+

Top non-repeatable levels by time:
     D:1: 1118 daAuts
     D:3: 774 daAuts
     D:2: 575 daAuts
     D:4: 208 daAuts
